 Dungeon Crawl Stone Soup version 0.28-a0-834-g1a73be5ee4 (webtiles) character file.

Game seed: 10655330189084767616

6707 emperorscorpion the Martial Artist (level 11, -4/71 HPs)
             Began as a Djinni Transmuter on Nov 12, 2021.
             Was a Believer of Cheibriados.
             Slain by a two-headed ogre (13 damage)
             ... on level 10 of the Dungeon.
             The game lasted 00:37:39 (14116 turns).

emperorscorpion the Martial Artist (DjTm)          Turns: 14116, Time: 00:37:40

Health: -4/71      AC: 11    Str: 14    XL:     11   Next: 23%
Gold:   527        EV: 17    Int: 21    God:    Cheibriados [**....] SH:  0 Dex: 21

rFire   + + .      SeeInvis .     - Unarmed
rCold   x . .      Faith    .   (no shield)
rNeg    . . .      Spirit   .   r - +2 steam dragon scales
rPois   ∞          Reflect  .   (no helmet)
rElec   .          Harm     .   b - +0 cloak
rCorr   .          Rampage  .   u - +2 pair of gloves
Will    +....                   (boots unavailable)
Stlth   +++.......              (no amulet)
HPRegen 0.21/turn               (no ring)
MPRegen 0.00/turn               (no ring)

@: confusing by touch, flying, very slow
A: sickness immunity, fire resistance 2, cold vulnerability 1, float, innate
caster, hp casting, extra vitality 1
a: Renounce Religion, Bend Time


You were on level 10 of the Dungeon.
You worshipped Cheibriados.
Cheibriados was pleased with you.
You visited 2 branches of the dungeon, and saw 11 of its levels.

You collected 527 gold pieces.

Inventory:

Hand Weapons
 f - a +1 vampiric dagger
 h - a +0 morningstar
 i - a +4 short sword
 q - a +2 vorpal morningstar
Missiles
 d - 13 javelins
 g - 16 poisoned darts
 m - 12 atropa-tipped darts (quivered)
 s - 3 boomerangs of dispersal
 A - 3 boomerangs
Armour
 b - a +0 cloak (worn)
 c - a +1 robe of positive energy
 r - +2 steam dragon scales (worn)
 u - a +2 pair of gloves (worn)
Magical Staves
 a - a staff of conjuration
Jewellery
 n - a ring of protection from fire
Wands
 e - a wand of flame (30)
 k - a wand of paralysis (13)
Scrolls
 j - 2 scrolls of vulnerability
 o - a scroll of enchant weapon
 v - 2 scrolls of teleportation
 y - a scroll of identify
Potions
 p - 2 potions of heal wounds
 t - a potion of ambrosia
 w - 3 potions of curing
 x - a potion of resistance
 z - a potion of brilliance {unknown}


   Skills:
 + Level 3.0 Fighting
 + Level 2.1 Throwing
 + Level 7.8 Dodging
 + Level 4.0 Stealth
 + Level 10.4 Unarmed Combat
 + Level 7.2 Spellcasting
 + Level 1.3 Evocations


You had one spell level left.
You knew the following spells:

 Your Spells              Type           Power      Damage    Failure   Level
a - Magic Dart            Conj           100%       1d8       1%          1
b - Wereblood             Tmut           38%        N/A       1%          2
c - Spider Form           Tmut/Pois      38%        N/A       1%          3
d - Ice Form              Ice/Tmut       38%        N/A       4%          4
e - Ensorcelled Hibernat  Hex/Ice        76%        N/A       1%          2
f - Confusing Touch       Hex            38%        N/A       1%          3
g - Conjure Flame         Conj/Fire      38%        6-21      1%          3
h - Sticky Flame          Conj/Fire      38%        2d6       4%          4
A - Beastly Appendage     Tmut           76%        N/A       1%          1
Your spell library was empty.

Dungeon Overview and Level Annotations

Branches:
Dungeon (10/15)            Temple (1/1) D:5            Lair (0/6) D:10
    Orc: D:9-12

Altars:
Cheibriados
Elyvilon
Hepliaklqana
Makhleb
Qazlal
Sif Muna
Uskayaw
Xom
Zin
The Shining One


Innate Abilities, Weirdness & Mutations

You are immune to sickness and miasma.
You are immune to poison.
Your flesh is very heat resistant. (rF++)
You are vulnerable to cold. (rC-)
You float through the air rather than walking.
You learn spells naturally, not from books.
Your magical power is your life essence.
You have superior vitality. (+4 HP)


Message History

The two-headed ogre is lightly wounded.
You barely miss the two-headed ogre.
The two-headed ogre is lightly wounded.
You warm up again.
Your +0 cloak unmelds from your body.
Your +2 pair of gloves unmelds from your body.
Your +2 steam dragon scales unmelds from your body.
The two-headed ogre hits you with a +0 giant spiked club!
The two-headed ogre hits you with a +0 giant club!
Casting: Magic Dart (safe; 1% risk of failure)
Confirm with . or Enter, or press ? or * to list all spells.
Aiming: Ensorcelled Hibernation (safe; 1% risk of failure)
Press: ? - help, Shift-Dir - straight line, f - two-headed ogre
Aim: a two-headed ogre, wielding a +0 giant spiked club and a +0 giant club (lightly wounded, chance to affect: 49%)
Okay, then.
Casting: Ensorcelled Hibernation (safe; 1% risk of failure)
Confirm with . or Enter, or press ? or * to list all spells.
Your hands begin to glow red.
The two-headed ogre hits you with a +0 giant spiked club!
The two-headed ogre misses you.
You hit the two-headed ogre but do no damage.
Your punch misses the two-headed ogre.
The two-headed ogre is lightly wounded.
The yak bellows!
You hit the two-headed ogre but do no damage.
The two-headed ogre is lightly wounded.
The two-headed ogre hits you with a +0 giant spiked club!
The two-headed ogre closely misses you.
You hit the two-headed ogre but do no damage.
The two-headed ogre is lightly wounded.
The two-headed ogre hits you with a +0 giant spiked club!
* * * LOW HITPOINT WARNING * * *
The two-headed ogre closely misses you.
You hit the two-headed ogre but do no damage.
The two-headed ogre is lightly wounded.
You hit the two-headed ogre but do no damage.
The two-headed ogre is lightly wounded.
The two-headed ogre barely misses you.
The two-headed ogre hits you with a +0 giant club!
You die...

.##.# ###.#
############# #.#
#)..........#
#.#####.#########.#
###........# #)#
...........# ####.#
################..#.#
#..'..†.#
#..#@##.####### #.
#O##.).....#
..########.# #..#
Y... ...#. ... . ##
#......... .# .#
#).....


You could see a two-headed ogre and a yak.

Vanquished Creatures
  2 two-headed ogres
  Maggie (D:6)
  A gargoyle (D:10)
  An unseen horror (D:6)
  A kobold demonologist (D:5)
  Prince Ribbit (D:6)
  Sigmund (D:6)
  A shadow (D:9)
  A vampire (D:9)
  A wyvern (D:10)
  Eustachio (D:6)
  Menkaure (D:7)
  Duvessa (D:5)
  An acid dragon (D:10)
  A water moccasin (D:9)
  2 orc warriors (D:10)
  2 ice beasts (D:8)
  2 sky beasts (D:6)
  2 necrophages
  4 centaurs
  2 kobold brigands
  A wyvern zombie (D:5)
  2 scorpions (D:5)
  4 bullfrogs
  Dowan (D:5)
  5 wights (D:7)
  3 hounds (D:5)
  4 centaur zombies
  A bullfrog zombie (D:6)
  A centaur skeleton (D:7)
  3 jellies
  An orc priest (D:6)
  2 bullfrog skeletons (D:5)
  Jessica (D:2)
  2 iguanas
  7 orc wizards
  Terence (D:2)
  2 hound skeletons
  A howler monkey zombie (D:8)
  2 adders
  A shadow imp (D:5)
  A white imp (D:6)
  2 worms
  4 dart slugs
  18 orcs
  5 endoplasms
  3 giant cockroaches
  9 goblins
  10 hobgoblins
  11 jackals
  19 kobolds
  4 quokkas
  6 ball pythons
  6 bats
  8 frilled lizards
  8 rats
189 creatures vanquished.

Notes
Turn   | Place    | Note
-------+----------+-------------------------------------------
     0 | D:1      | emperorscorpion the Djinni Transmuter began the quest for
                  | the Orb.
     0 | D:1      | Reached XP level 1. HP: 17/17 MP: 0/0
   358 | D:1      | Reached XP level 2. HP: 11/22 MP: 0/0
  1320 | D:1      | Reached XP level 3. HP: 27/27 MP: 0/0
  1320 | D:1      | Learned a level 1 spell: Magic Dart
  2012 | D:1      | Found a faded altar of an unknown god.
  2683 | D:2      | Reached XP level 4. HP: 26/32 MP: 0/0
  3409 | D:2      | Noticed Jessica
  3418 | D:2      | Killed Jessica
  3580 | D:2      | Found a white marble altar of Elyvilon.
  3643 | D:2      | Noticed Terence
  3653 | D:2      | Killed Terence
  3654 | D:2      | Reached XP level 5. HP: 29/37 MP: 0/0
  3654 | D:2      | Learned a level 2 spell: Ensorcelled Hibernation
  3847 | D:3      | Reached skill level 4 in Unarmed Combat
  4624 | D:3      | Reached skill level 1 in Stealth
  5149 | D:3      | Reached XP level 6. HP: 18/42 MP: 0/0
  5205 | D:4      | Noticed a necrophage
  5477 | D:4      | Found a stormy altar of Qazlal.
  5595 | D:4      | Killed a necrophage
  6173 | D:5      | Entered Level 5 of the Dungeon
  6377 | D:5      | Noticed Duvessa
  6388 | D:5      | Noticed Dowan
  6404 | D:5      | Killed Duvessa
  6405 | D:5      | Reached XP level 7. HP: 27/47 MP: 0/0
  6405 | D:5      | Learned a level 3 spell: Confusing Touch
  6582 | D:5      | Reached skill level 5 in Unarmed Combat
  6824 | D:5      | Noticed a kobold demonologist
  6834 | D:5      | Noticed a hellwing
  6835 | D:5      | Noticed an ice devil
  6837 | D:5      | Killed a kobold demonologist
  6838 | D:5      | Reached XP level 8. HP: 19/52 MP: 0/0
  7643 | D:5      | Reached skill level 6 in Unarmed Combat
  7743 | D:5      | Killed Dowan
  8021 | D:5      | Found a staircase to the Ecumenical Temple.
  8030 | Temple   | Entered the Ecumenical Temple
  8040 | Temple   | Became a worshipper of Cheibriados the Contemplative
  8233 | D:6      | Reached skill level 5 in Spellcasting
  8279 | D:5      | Reached XP level 9. HP: 28/58 MP: 0/0
  8279 | D:5      | Learned a level 3 spell: Conjure Flame
  8389 | D:6      | Reached skill level 5 in Dodging
  8389 | D:6      | Reached skill level 7 in Unarmed Combat
  8732 | D:6      | Killed an unseen horror
  9025 | D:6      | You are sucked into a shaft and drop 3 floors!
  9029 | D:9      | Reached * piety under Cheibriados
  9030 | D:9      | Reached skill level 1 in Throwing
  9440 | D:6      | Noticed Eustachio
  9450 | D:6      | Killed Eustachio
  9895 | D:6      | Reached skill level 8 in Unarmed Combat
  9984 | D:6      | Noticed Maggie
  9984 | D:6      | Noticed Sigmund
 10007 | D:6      | Killed Sigmund
 10010 | D:6      | Killed Maggie
 10011 | D:6      | Reached XP level 10. HP: 52/65 MP: 0/0
 10093 | D:6      | Noticed Prince Ribbit
 10102 | D:6      | Killed Prince Ribbit
 10484 | D:7      | Noticed Menkaure
 10493 | D:7      | Killed Menkaure
 10494 | D:7      | Reached skill level 1 in Evocations
 10531 | D:7      | Reached skill level 9 in Unarmed Combat
 10754 | D:7      | Reached ** piety under Cheibriados
 12468 | D:9      | Noticed a two-headed ogre
 12478 | D:9      | Killed a two-headed ogre
 13172 | D:10     | Entered Level 10 of the Dungeon
 13172 | D:10     | Noticed a death knight
 13172 | D:10     | Noticed a two-headed ogre
 13172 | D:10     | Noticed a two-headed ogre
 13518 | D:10     | Found a staircase to the Lair.
 13922 | D:10     | Killed a two-headed ogre
 13923 | D:10     | Reached skill level 10 in Unarmed Combat
 13923 | D:10     | Reached XP level 11. HP: 58/70 MP: 0/0
 13923 | D:10     | Learned a level 4 spell: Sticky Flame
 14116 | D:10     | Slain by a two-headed ogre

Illustrated notes

Levels and vault maps discovered:
D:1:      lemuel_arrival_tunnels, layout_loops_ring,
          hellmonk_ecumenical_altar_crossroads, corner_web_ring, minmay_3d_cube
D:2:      layout_loops_ring, basic_altar, uniq_jessica, uniq_terence
D:3:      layout_basic, minmay_unequal
D:4:      layout_rooms, nicolae_qazlal_scattered_showers
D:5:      kb_forest_paths, layout_loops_ring, minmay_temple_entry_junction,
          uniq_duvessa
D:6:      layout_layer_cave, uniq_eustachio, uniq_maggie, uniq_prince_ribbit1,
          uniq_sigmund
D:7:      layout_basic, uniq_menkaure
D:8:      layout_loops_ring, nrook_campfire
D:9:      layout_basic
D:10:     minmay_s_stair_smasher, layout_loops_ring, lair_entry_dummy,
          moated_statue, minmay_diced_spiral
Temple:   compressed_dpeg_circular_temple

Skill      XL: |  1  2  3  4  5  6  7  8  9 10 11 |
---------------+----------------------------------+-----
Spellcasting   | 2 3 4 5 6 7 |  7.2
Unarmed Combat | 4 5 6 8 10 | 10.4
Stealth        | 1 2 3 4 |  4.0
Dodging        | 3 4 6 7 |  7.8
Throwing       | 1 2 |  2.1
Fighting       | 2 3 |  3.0
Evocations     | 1 |  1.3

Action                   |  1- 3 |  4- 6 |  7- 9 | 10-12 || total
-------------------------+-------+-------+-------+-------++-------
Melee: Unarmed           |    80 |    70 |   142 |   122 ||   414
       Headbutt          |     9 |       |       |       ||     9
Throw: Dart              |       |       |    16 |     5 ||    21
 Cast: Beastly Appendage |    11 |       |       |       ||    11
       Magic Dart        |    59 |   138 |    78 |    53 ||   328
       Spider Form       |       |    11 |    16 |     3 ||    30
       Ensorcelled Hiber |       |     1 |     1 |       ||     2
       Confusing Touch   |       |       |     2 |     2 ||     4
       Ice Form          |       |       |     6 |    16 ||    22
 Abil: End Transformatio |       |       |     1 |     1 ||     2
Evoke: Wand              |       |       |     6 |     2 ||     8
  Use: Scroll            |     1 |     5 |     2 |     2 ||    10
       Potion            |       |     1 |     6 |     2 ||     9
 Stab: Sleeping          |     1 |       |       |       ||     1
       Confused          |       |       |       |     2 ||     2
Armor: Robe              |    11 |     2 |     4 |       ||    17
       Skin              |       |     7 |     9 |    35 ||    51
       Steam dragon scal |       |       |       |     1 ||     1
Dodge: Dodged            |    55 |    68 |   118 |   102 ||   343

Table legend: (Time is in decaauts)
 A = Elapsed time spent in this place.
 B = Non-inter-level travel time spent in this place.
 C = Inter-level travel time spent in this place.
 D = Time resting spent in this place.
 E = Time spent auto-exploring this place.
 F = Levels seen in this place.
 G = Mean time per level.
                   A        B        C        D        E       F      G
               +--------+--------+--------+--------+--------+-----+--------+
         Total |  15517 |  14368 |   1149 |    424 |  12272 |  11 | 1410.6 |
       Dungeon |  15495 |  14346 |   1149 |    424 |  12272 |  10 | 1549.5 |
        Temple |     21 |     21 |      0 |      0 |      0 |   1 |   21.0 |
               +--------+--------+--------+--------+--------+-----+--------+

Top non-repeatable levels by time:
     D:1: 2624 daAuts
     D:5: 2049 daAuts
     D:6: 1944 daAuts
     D:3: 1595 daAuts
     D:9: 1542 daAuts
     D:7: 1327 daAuts
     D:2: 1273 daAuts
     D:8: 1210 daAuts
    D:10: 1171 daAuts
     D:4: 757 daAuts
  Temple: 21 daAuts
